 Dungeon Crawl Stone Soup version 0.24.0-13-gcf9b319 (webtiles) character file.

Game seed: 4007903298441795814, levelgen mode: deterministic

211648 Fang the Warrior (level 18, -1/120 HPs)
             Began as a Gargoyle Berserker on Nov 26, 2019.
             Was the Champion of Trog.
             Slain by a merfolk impaler
             ... wielding a +6 trident of protection
              (5 damage)
             ... on level 4 of the Shoals.
             The game lasted 00:37:16 (29243 turns).

Fang the Warrior (Gargoyle Berserker)              Turns: 29243, Time: 00:37:17

Health: -1/120     AC: 45    Str: 29    XL:     18   Next: 89%
Magic:  18/18      EV: 13    Int:  8    God:    Trog [******]
Gold:   2011       SH: 24    Dex: 13    Spells: 17/17 levels left

rFire    . . .     SeeInvis +   q - +9 war axe (freeze)
rCold    + . .     Gourm    .   B - +2 large shield
rNeg     + . .     Faith    .   b - +4 plate armour
rPois    ∞         Spirit   .   h - +2 helmet
rElec    +         Reflect  .   H - +2 cloak {+Inv}
rCorr    .         Harm     .   (no gloves)
MR       +++..                  I - +1 pair of boots "Ireem" {Dex+4 SInv}
Stlth    ..........             m - amulet of regeneration
HPRegen  1.70/turn              r - ring "Fynuttito" {rC+ Slay+2}
MPRegen  0.16/turn              J - ring of Gerotag {SInv Stlth-}

@: flying, mesmerised, regenerating
A: big wings, negative energy resistance 1, electricity resistance, unbreathing,
petrification resistance, rot immunity, AC +13
}: 1/15 runes: serpentine
a: Stop Flying, Berserk, Trog's Hand, Brothers in Arms, Renounce Religion, Evoke
Invisibility


You were on level 4 of the Shoals.
You worshipped Trog.
Trog was exalted by your worship.
You were not hungry.

You visited 6 branches of the dungeon, and saw 32 of its levels.
You visited 1 bazaar.
You also visited: Ossuary.

You collected 3137 gold pieces.
You spent 1126 gold pieces at shops.

Inventory:

Hand Weapons
 a - a +3 broad axe of flaming
 q - a +9 war axe of freezing (weapon)
 E - a +7 war axe of chopping
 F - a +6 antimagic broad axe
Armour
 b - a +4 plate armour (worn)
 h - a +2 helmet (worn)
 B - a +2 large shield (worn)
 H - a +2 cloak of invisibility (worn)
 I - the +1 pair of boots "Ireem" (worn) {Dex+4 SInv}
   (You found it on level 10 of the Dungeon)

   It affects your dexterity (+4).
   It lets you see invisible.
Jewellery
 l - an uncursed amulet of the gourmand
 m - an amulet of regeneration (around neck)
 n - an uncursed amulet of rage
 p - an uncursed ring of protection from cold
 r - the ring "Fynuttito" (left hand) {rC+ Slay+2}
   (You bought it in a shop on level 2 of the Orcish Mines)

   [ring of protection from cold]

   It affects your accuracy and damage with ranged weapons and melee attacks
   (+2).
   It protects you from cold.
 J - the ring of Gerotag (right hand) {SInv Stlth-}
   (You found it on level 1 of the Lair of Beasts)

   [ring of attention]

   It lets you see invisible.
   It makes you less stealthy.
 M - a +2 ring of evasion
 R - an uncursed ring of positive energy {unknown}
Wands
 d - a wand of polymorph (41)
 u - a wand of iceblast (30)
 w - a wand of scattershot (3)
 G - a wand of acid (7)
 N - a wand of digging (16)
 O - a wand of enslavement (4)
 P - a wand of flame (26)
 Q - a wand of disintegration (12)
 T - a wand of random effects (32)
Scrolls
 i - 8 scrolls of magic mapping
 j - 9 scrolls of identify
 s - 2 scrolls of fear
 t - 16 scrolls of teleportation
 y - 15 scrolls of remove curse
 L - 5 scrolls of blinking
 S - a scroll of fog
Potions
 e - 3 potions of heal wounds
 f - 3 potions of cancellation
 g - 12 potions of agility
 k - a potion of magic
 o - 3 potions of mutation
 v - 6 potions of haste
 x - 3 potions of berserk rage
 z - 14 potions of curing
 A - 6 potions of might
 C - 5 potions of resistance
 D - a potion of ambrosia
 K - a potion of invisibility
Comestibles
 c - 39 rations


   Skills:
 + Level 16.2 Fighting
 + Level 14.1 Axes
 + Level 16.1 Armour
 + Level 12.9 Dodging
 + Level 15.9 Shields


You had 17 spell levels left.
You didn't know any spells.
Your spell library was empty.

Dungeon Overview and Level Annotations

Branches:
Dungeon (15/15)            Temple (1/1) D:5            Lair (6/6) D:10
 Shoals (4/4) Lair:3        Snake (4/4) Lair:4        Slime (0/5) Lair:6
    Orc (2/2) D:11            Elf (0/3) Orc:2        Vaults (0/5) D:14
 Depths (0/5) D:15        Ossuary (visited)

Altars:
Ashenzari
Elyvilon
Gozag
Hepliaklqana
Kikubaaqudgha
Nemelex Xobeh
Qazlal
Ru
Vehumet
Wu Jian
Xom
The Shining One

Shops:
D:9 (   Orc:1 ?:   Orc:2 (*:[   Snake:1 (   Snake:2 ?=((   Snake:4 =


Innate Abilities, Weirdness & Mutations

You are resistant to torment.
Your stone body is resilient. (AC +13)
You are immune to poison.
Your large and strong wings let you fly indefinitely.
You resist negative energy. (rN+)
You are resistant to electric shocks. (rElec)
You can survive without breathing.
You are immune to petrification.
You are immune to rotting.


Message History

The merfolk impaler hits you but does no damage.
The merfolk siren chants its luring song. x2
You block the merfolk's attack. The merfolk barely misses you.
You are too injured to fight recklessly!
You feel much better. You block the manticore's attack. x2
The manticore closely misses you. The merfolk impaler misses you.
The merfolk closely misses you.
The merfolk hits you from afar with a +1 trident of flaming.
* * * LOW HITPOINT WARNING * * *
The merfolk burns you.
* * * LOW HITPOINT WARNING * * *
The snapping turtle bites you!
* * * LOW HITPOINT WARNING * * *
You block the merfolk impaler's attack.
The merfolk siren chants its luring song.
You block the snapping turtle's attack. You block the merfolk's attack.
The merfolk hits you but does no damage.
The merfolk siren chants its luring song.
The merfolk impaler hits you from afar with a +6 trident of protection.
You die...

,,*******......≈≈≈≈≈≈≈≈≈≈≈≈≈≈
**,,***,*##....≈≈≈≈≈≈≈≈≈≈≈≈≈≈
**,,,≈,,,#....≈≈≈≈≈≈≈≈≈≈≈≈≈≈≈
**,,*,*,*##≈≈≈≈≈≈≈≈≈≈≈≈≈≈≈≈≈≈
≈**≈,,,≈*#≈.≈≈≈≈≈≈≈≈≈≈≈≈≈≈≈≈≈
≈**,*,*,≈#≈...≈≈≈≈≈≈≈≈≈≈≈≈≈≈≈
**,,,≈,,,##....≈mm≈≈≈≈≈≈≈≈≈≈≈
≈**,***,##....mm)Hm≈≈≈≈≈≈≈≈≈≈
,,***#**#≈....t≈@†m.≈≈≈≈≈≈≈≈≈
≈,##≈#≈##....mmtm≈≈≈≈≈≈≈≈≈≈≈≈
≈≈m≈≈≈≈≈≈†...≈mHm≈m≈≈≈≈≈≈≈≈≈≈
≈,H≈§≈≈§†...≈≈≈≈≈≈≈≈≈≈≈≈≈≈≈≈≈
≈,≈≈..≈≈†.≈≈≈≈≈≈..≈≈≈≈≈≈≈≈≈≈≈
≈,≈.H.≈≈§.≈^≈≈≈...≈≈≈≈≈≈≈≈≈≈≈
≈,≈...≈≈≈≈≈≈≈.....≈≈≈≈≈≈≈≈≈≈≈
≈,≈..≈≈≈≈≈≈≈≈....≈≈≈≈≈≈≈≈≈≈≈≈
≈,≈≈≈≈≈≈≈≈≈≈§....,,≈≈≈≈≈≈≈≈≈≈


You could see 2 merfolk impalers, 2 snapping turtles, 7 merfolk, 2 manticores
and 3 merfolk sirens.

Vanquished Creatures
  Vashnia (Snake:4)
  Asterion (Snake:4)
  Polyphemus (Shoals:2)
  8 nagarajas
  A fire giant (D:15)
  Roxanne (D:15)
  Aizul (Shoals:2)
  2 orc warlords
  Nessos (D:13)
  2 merfolk javelineers (Shoals:3)
  Snorg (D:11)
  5 merfolk impalers
  Josephine (D:11)
  3 fire dragons
  Harold (D:7)
  A vault guard (D:14)
  16 hydras
  12 naga warriors
  2 alligator snapping turtles
  2 catoblepae
  8 centaur warriors
  A merfolk avatar (Shoals:4)
  2 satyrs
  5 two-headed ogres
  5 anacondas
  3 death yaks (Shoals:2)
  An ogre mage (D:14)
  A tengu warrior (Shoals:1)
  4 shock serpents
  Urug (D:11)
  2 orc high priests (Orc:2)
  16 naga sharpshooters
  3 salamander mystics
  2 unseen horrors
  4 sea snakes
  A swamp dragon (Lair:6)
  7 naga ritualists
  4 orc knights
  A lindwurm (shapeshifter) (D:15)
  20 harpies
  5 orc sorcerers
  2 deep elf magi
  9 mana vipers
  5 manticores
  6 fauns
  12 salamanders
  8 cyclopes
  Maurice (D:10)
  6 ugly things
  18 elephants
  6 merfolk sirens
  2 guardian serpents
  22 naga magi
  41 black mambas
  2 gargoyles
  Joseph (D:10)
  5 water nymphs
  2 centaur skeletons (D:14)
  10 spiny frogs
  10 komodo dragons
  5 rime drakes
  3 kobold demonologists (D:13)
  2 tengu conjurers
  A polar bear (Lair:6)
  13 merfolk
  8 trolls
  2 hornets (D:9)
  8 blink frogs
  4 wind drakes
  6 snapping turtles
  10 hippogriffs
  7 dream sheep (Lair:6)
  A spriggan (D:7)
  3 water elementals
  A vampire (D:12)
  3 shadows
  3 wraiths (D:11)
  3 fire bats (Lair:4)
  2 wyverns
  52 yaks
  A steam dragon (Lair:6)
  A human (Shoals:1)
  3 basilisks
  2 vampire mosquitoes (D:15)
  3 hungry ghosts
  A warg (Orc:2)
  62 nagas
  2 acid dragons
  9 water moccasins
  7 porcupines
  4 swamp drakes (Lair:6)
  3 sky beasts
  5 black bears
  43 orc warriors
  6 ice beasts
  A phantom (D:7)
  4 necrophages
  35 wolves (Lair:2)
  15 ogres
  24 centaurs
  13 crocodiles
  A big kobold (D:7)
  Blork the orc (D:4)
  12 bullfrogs
  A gnoll sergeant (D:12)
  3 scorpions
  6 killer bees
  3 wights (D:10)
  2 vampire bats (D:7)
  A howler monkey (D:8)
  An electric eel (Lair:6)
  2 centaur zombies
  9 crimson imps
  3 quasits
  5 jellies
  Crazy Yiuf (D:5)
  4 bullfrog skeletons
  17 orc priests
  A bullfrog zombie (D:11)
  7 hounds
  24 orc wizards
  7 iguanas
  4 hell rats (Lair:2)
  6 worker ants
  Ijyb (D:5)
  A big kobold zombie (Ossuary)
  A hound skeleton (D:7)
  8 mummies (Ossuary)
  10 gnolls
  11 adders
  A howler monkey skeleton (D:5)
  7 shadow imps
  6 oozes
  3 worms
  3 dart slugs
  7 leopard geckos
  99 orcs
  3 ball pythons
  2 giant cockroaches (D:2)
  2 gnoll zombies (Ossuary)
  7 goblins
  9 hobgoblins
  2 jackals (D:4)
  A quokka (D:7)
  13 bats
  3 frilled lizards
  2 goblin skeletons (D:4)
  3 goblin zombies (D:4)
  A jackal skeleton (D:4)
  20 kobolds
  3 kobold zombies
  An orc skeleton (D:4)
  6 orc zombies
  A quokka skeleton (D:5)
  2 quokka zombies (D:5)
  6 rats
  5 fungi
  12 plants
1091 creatures vanquished.

Vanquished Creatures (collateral kills)
  2 hydras
  A spiny frog (Lair:3)
  An adder (D:11)
4 creatures vanquished.

Vanquished Creatures (others)
  An unseen horror (D:14)
  A gnoll (D:10)
  5 fungi
  6 plants
13 creatures vanquished.

Grand Total: 1108 creatures vanquished

Notes
Turn   | Place    | Note
-------+----------+-------------------------------------------
     0 | D:1      | Fang the Gargoyle Berserker began the quest for the Orb.
     0 | D:1      | Reached XP level 1. HP: 14/14 MP: 1/1
   405 | D:1      | Reached XP level 2. HP: 19/19 MP: 2/2
   724 | D:1      | Reached skill level 1 in Shields
  1006 | D:1      | Reached XP level 3. HP: 21/23 MP: 3/3
  1576 | D:2      | Reached ** piety under Trog
  1734 | D:2      | Reached XP level 4. HP: 16/29 MP: 4/4
  2269 | D:3      | Found a stormy altar of Qazlal.
  2488 | D:3      | Found an ancient bone altar of Kikubaaqudgha.
  2508 | D:3      | Found a white marble altar of Elyvilon.
  2586 | D:3      | Reached XP level 5. HP: 33/33 MP: 5/5
  2735 | D:3      | Found a radiant altar of Vehumet.
  3357 | D:4      | Noticed Blork the orc
  3367 | D:4      | Killed Blork the orc
  3367 | D:4      | Reached XP level 6. HP: 38/38 MP: 6/6
  3534 | D:4      | Found a glowing golden altar of the Shining One.
  3565 | D:4      | Reached *** piety under Trog
  3749 | D:4      | Reached XP level 7. HP: 32/44 MP: 7/7
  4414 | D:5      | Entered Level 5 of the Dungeon
  4808 | D:5      | Noticed Ijyb
  4809 | D:5      | Noticed a hippogriff
  4818 | D:5      | Killed Ijyb
  4846 | D:5      | HP: 2/44 [hippogriff (5)]
  4861 | D:4      | Killed a hippogriff
  4861 | D:4      | Reached skill level 5 in Fighting
  4922 | D:5      | Reached XP level 8. HP: 49/49 MP: 8/8
  5042 | D:5      | Found a staircase to the Ecumenical Temple.
  5106 | Temple   | Entered the Ecumenical Temple
  5269 | D:5      | Reached skill level 5 in Armour
  6116 | D:5      | Found a runed translucent door.
  6117 | D:5      | Noticed Crazy Yiuf
  6146 | D:5      | Killed Crazy Yiuf
  6254 | D:6      | Reached skill level 5 in Axes
  6450 | D:6      | Found a sand-covered staircase.
  6456 | Ossuary  | Entered an ossuary
  6482 | Ossuary  | Reached skill level 5 in Shields
  6929 | D:6      | Reached XP level 9. HP: 55/55 MP: 9/9
  7574 | D:7      | Reached **** piety under Trog
  7591 | D:7      | Noticed Harold
  7608 | D:7      | Killed Harold
  7608 | D:7      | Reached skill level 5 in Dodging
  7862 | D:7      | Reached XP level 10. HP: 46/63 MP: 10/10
  8001 | D:7      | Found a hazy altar of Hepliaklqana.
  8229 | D:7      | Found an opulent altar of Gozag.
  8231 | D:7      | Found a shimmering altar of Xom.
  8495 | D:8      | Found a sacrificial altar of Ru.
  8847 | D:8      | Found a sparkling altar of Nemelex Xobeh.
  8920 | D:8      | Noticed a two-headed ogre
  8933 | D:8      | Killed a two-headed ogre
  9414 | D:8      | Reached ***** piety under Trog
  9739 | D:9      | Found Horroups's Antique Weapon Emporium.
  9754 | D:9      | Found the +0 sword of Power
  9895 | D:9      | Reached XP level 11. HP: 69/69 MP: 11/11
 10044 | D:9      | Paralysed by fainting for 12 turns
 10207 | D:9      | Noticed a two-headed ogre
 10216 | D:9      | Killed a two-headed ogre
 10577 | D:9      | Got a twisted hand axe
 10578 | D:9      | Identified the +5 hand axe "Dragonslayer" {pain, Str+3
                  | SInv} (You found it on level 9 of the Dungeon)
 10650 | D:10     | Entered Level 10 of the Dungeon
 10858 | D:10     | Noticed Maurice
 11008 | D:10     | Noticed Joseph
 11036 | D:10     | Killed Joseph
 11118 | D:10     | Noticed a two-headed ogre
 11131 | D:10     | Killed a two-headed ogre
 11131 | D:10     | Received a gift from Trog
 11176 | D:10     | Killed Maurice
 11232 | D:10     | Got a pair of transparent boots
 11238 | D:10     | Identified the +1 pair of boots "Ireem" {Dex+4 SInv} (You
                  | found it on level 10 of the Dungeon)
 11241 | D:10     | Found a staircase to the Lair.
 11294 | D:11     | Noticed Snorg
 11308 | D:11     | Killed Snorg
 11349 | D:11     | Noticed Urug
 11367 | D:11     | Killed Urug
 11386 | D:11     | Reached XP level 12. HP: 65/77 MP: 12/12
 11410 | D:11     | Noticed an eight-headed hydra
 11417 | D:11     | Killed an 11-headed hydra
 11417 | D:11     | Reached skill level 10 in Fighting
 11676 | D:11     | Noticed Josephine
 11684 | D:11     | Killed Josephine
 11696 | D:11     | Found a staircase to the Orcish Mines.
 11709 | D:11     | Reached skill level 10 in Armour
 12014 | Lair:1   | Entered Level 1 of the Lair of Beasts
 12150 | Lair:1   | Got an ancient silver ring
 12152 | Lair:1   | Identified the ring of Gerotag {SInv Stlth-} (You found it
                  | on level 1 of the Lair of Beasts)
 12347 | Lair:1   | Reached skill level 10 in Shields
 12618 | Lair:1   | Noticed a seven-headed hydra
 12623 | Lair:1   | Killed a ten-headed hydra
 12948 | Lair:2   | Reached XP level 13. HP: 82/84 MP: 13/13
 12966 | Lair:2   | Reached ****** piety under Trog
 13085 | Lair:2   | Received a gift from Trog
 13746 | Lair:3   | Found a staircase to the Shoals.
 13843 | Lair:3   | Found a frozen archway.
 14284 | Lair:4   | Reached skill level 10 in Axes
 14406 | Lair:4   | Found a dark tunnel.
 14508 | Lair:4   | Found a staircase to the Snake Pit.
 15390 | Snake:1  | Entered Level 1 of the Snake Pit
 15511 | Lair:5   | Gained mutation: Your large and strong wings let you fly
                  | indefinitely. [Gargoyle growth]
 15511 | Lair:5   | Reached XP level 14. HP: 85/92 MP: 14/14
 15919 | Lair:5   | Received a gift from Trog
 16225 | Lair:6   | Entered Level 6 of the Lair of Beasts
 16543 | Lair:6   | Found a staircase to the Slime Pits.
 16987 | Lair:6   | Reached skill level 10 in Dodging
 18207 | D:13     | Reached XP level 15. HP: 97/97 MP: 15/15
 18381 | D:13     | Received a gift from Trog
 18739 | D:13     | Noticed Nessos
 18755 | D:13     | Killed Nessos
 19166 | D:14     | Found a shattered altar of Ashenzari.
 19254 | D:14     | Found a gate to the Vaults.
 19507 | D:14     | Found an ornate altar of the Wu Jian Council.
 20098 | D:15     | Entered Level 15 of the Dungeon
 20458 | D:15     | Identified Roxanne's Grimoire of Clay
 20458 | D:15     | Noticed Roxanne
 20479 | D:15     | Killed Roxanne
 20550 | D:15     | Found a staircase to the Depths.
 20550 | D:15     | Noticed a fire giant
 20562 | D:15     | Killed a fire giant
 21492 | Orc:1    | Entered Level 1 of the Orcish Mines
 21494 | Orc:1    | Noticed an orc warlord
 21512 | Orc:1    | Killed an orc warlord
 21556 | Orc:1    | Found Ybucab's Magic Scroll Shop.
 21671 | Orc:2    | Entered Level 2 of the Orcish Mines
 21697 | Orc:2    | Received a gift from Trog
 21705 | Orc:2    | Found a staircase to the Elven Halls.
 21722 | Orc:2    | Reached XP level 16. HP: 104/105 MP: 16/16
 21753 | Orc:2    | Found Hiomeakk's General Store.
 21786 | Orc:2    | Found Sys Cyr's Antique Armour Emporium.
 21897 | Orc:2    | Found Rolokk's Antique Weapon Emporium.
 21961 | Orc:2    | Found Wuskan's Book Shop.
 22436 | Orc:2    | Bought the ring "Fynuttito" {rC+ Slay+2} for 606 gold
                  | pieces
 22458 | Orc:1    | Found Pius's Book Emporium.
 22740 | Orc:1    | Bought 2 scrolls of brand weapon for 520 gold pieces
 23150 | Snake:1  | Found Qoadgh's Antique Weapon Shop.
 23307 | Snake:1  | Received a gift from Trog
 23568 | Snake:2  | Found Sasis's Magic Scroll Shoppe.
 23797 | Snake:2  | Found Piuwkoyp's Antique Weapon Boutique.
 23836 | Snake:2  | Noticed a nagaraja
 23851 | Snake:2  | Killed a nagaraja
 24074 | Snake:2  | Found a radiant altar of Vehumet.
 24142 | Snake:2  | Found Suaveokk's Antique Weapon Boutique.
 24142 | Snake:2  | Found Cifaq's Jewellery Shop.
 24174 | Snake:2  | Noticed a nagaraja
 24183 | Snake:2  | Received a gift from Trog
 24186 | Snake:2  | Killed a nagaraja
 24425 | Snake:2  | Reached XP level 17. HP: 30/112 MP: 0/17
 24850 | Snake:3  | Received a gift from Trog
 24897 | Snake:3  | Reached skill level 15 in Fighting
 25062 | Snake:4  | Entered Level 4 of the Snake Pit
 25066 | Snake:4  | Noticed Asterion
 25092 | Snake:4  | Killed Asterion
 25243 | Snake:4  | Reached skill level 15 in Armour
 25267 | Snake:4  | HP: 2/113 [nagaraja/+1 antimagic whip (5)]
 25453 | Snake:4  | Found Noli Wyti's Jewellery Shoppe.
 25642 | Snake:4  | Reached skill level 15 in Shields
 25675 | Snake:4  | Received a gift from Trog
 25848 | Snake:4  | Noticed Vashnia
 25877 | Snake:4  | Killed Vashnia
 25881 | Snake:4  | Reached XP level 18. HP: 105/119 MP: 18/18
 26198 | Snake:4  | Got a serpentine rune of Zot
 26554 | Shoals:1 | Entered Level 1 of the Shoals
 26824 | Shoals:1 | You are sucked into a shaft and drop 1 floor!
 26970 | Shoals:1 | Found a flickering gateway to a bazaar.
 26989 | Shoals:1 | Received a gift from Trog
 26994 | Bazaar   | Entered a bazaar
 27007 | Bazaar   | Found Alohuric's General Store.
 27007 | Bazaar   | Found Nuidieri's General Store.
 27043 | Bazaar   | Found Menoe's Antique Weapon Emporium.
 27043 | Bazaar   | Found Romaiw's Weapon Emporium.
 27216 | Shoals:1 | You are sucked into a shaft and drop 1 floor!
 27476 | Shoals:2 | Noticed Polyphemus
 27494 | Shoals:2 | Killed Polyphemus
 27623 | Shoals:2 | Noticed Aizul
 27651 | Shoals:2 | Killed Aizul
 29165 | Shoals:4 | Entered Level 4 of the Shoals
 29240 | Shoals:4 | Received a gift from Trog
 29242 | Shoals:4 | HP: 3/120 [merfolk impaler/+6 trident of protection (9)]
 29243 | Shoals:4 | Slain by a merfolk impaler

Levels and vault maps discovered:
D:1:      nzn_arrival_settlement, layout_basic
D:2:      layout_rooms, serial_rivers, chequers_serial_rivers_micro_d,
          chequers_serial_rivers_micro_d, chequers_serial_rivers_small_3,
          chequers_serial_rivers_room_b
D:3:      layout_loops_ring, lemuel_doored_altar, vehumet_crystals,
          nicolae_overflow_crystal_walls, first_ration,
          nicolae_qazlal_eye_of_the_storm
D:4:      layout_loops_corners, nicolae_tso_besieged_by_evil, uniq_blork_the_orc
D:5:      layout_loops_cross, minmay_temple_entry_proselytizer,
          hangedman_decor_growths, uniq_ijyb, uniq_crazy_yiuf_cottage
D:6:      layout_cave_pools, nicolae_ossuary_entry_plus
D:7:      layout_basic, gammafunk_temple_overflow_pools,
          overflow_temple_1_default, the_bakery, roderic_batcave, uniq_harold
D:8:      layout_basic, nicolae_overflow_hidden_temple,
          nemelex_xobeh_ov_fountains_minmay, eino_tiny_chamber,
          grunt_ministairs_1, moated_statue
D:9:      kennysheep_spiral_hall, layout_long_grid, serial_shops,
          nicolae_shop_statue_plus
D:10:     layout_rooms, grunt_lair_entry_orc_guard_hut, uniq_joseph,
          uniq_maurice
D:11:     layout_roguey, david_orc_2, grunt_decor_cap, uniq_josephine,
          uniq_urug, uniq_snorg
D:12:     layout_long_grid, nicolae_lava_and_water, lightli_minifort
D:13:     layout_basic, uniq_nessos
D:14:     layout_basic, david_vaults_5, basic_altar, evilmike_ruin_ashenzari,
          minmay_fractal_squares_gapless_7
D:15:     grunt_enter_depths_giant_problem, layout_cave_pods,
          hangedman_decor_opposing, uniq_roxanne
Temple:   eino_temple_water
Lair:1:   layout_regular_city, nicolae_quartered_pool_super,
          lemuel_fruit_fields, serial_bayou_shore_b, grunt_megastairs_1
Lair:2:   layout_misc_corridors, grunt_forest_large_clearings
Lair:3:   layout_long_grid, elwin_shoals_entry_rocks,
          portal_ice_cave_entry_pillars_1, lemuel_fruit_fields
Lair:4:   layout_layer_cave, guppyfry_snake_entry_garden,
          nicolae_volcano_entry_batcave, chequers_serial_rivers_room_b,
          beast_lair_carwin_8, infiniplex_staircase_pool_2
Lair:5:   layout_gridlike, chequers_serial_rivers_micro_b, st_stairs_6
Lair:6:   guppyfry_lair_end_dragon, layout_small_grid,
          nicolae_slime_entry_slimehenge, infiniplex_staircase_pool,
          grunt_megastairs_3
Shoals:1: layout_shoals, serial_shops, bzr_entry_customers, kb_tengu_band
Shoals:2: layout_shoals, uniq_polyphemus, uniq_aizul
Shoals:3: layout_shoals, hangedman_shoals_cup_caves
Shoals:4: shoals_end_grunt_ice, layout_shoals
Snake:1:  layout_grid_shapes, serial_shops, shop_statue, grunt_ministairs_11,
          nicolae_snake_squiggles, nrook_loot_triangle
Snake:2:  layout_grid_maze, basic_altar, serial_shops, shop_fountains,
          nicolae_shop_overgrown_old_shop, grunt_ministairs_5, minmay_shoptagon
Snake:3:  layout_rooms, lemuel_fruit_tree
Snake:4:  minmay_snake_end_coiled, layout_onion, serial_shops,
          nicolae_shop_trees, uniq_vashnia, uniq_asterion
Orc:1:    layout_caves, serial_shops, shop, shop
Orc:2:    grunt_orc_gardens, layout_diamond_mine, grunt_orc_garden,
          grunt_orc_garden, grunt_orc_garden, grunt_orc_garden

Skill      XL: |  1  2  3  4  5  6  7  8  9 10 11 12 13 14 15 16 17 18 |
---------------+-------------------------------------------------------+-----
Shields        | 1 2 3 4 5 6 7 9 10 11 12 13 14 15 | 15.9
Axes           | 3 4 5 6 7 8 9 10 11 12 13 14 | 14.1
Dodging        | 2 3 4 5 6 7 8 9 10 11 12 | 12.9
Armour         | 3 4 5 7 8 9 10 11 12 13 14 15 16 | 16.1
Fighting       | 4 5 6 7 8 9 10 12 13 14 15 16 | 16.2

Action                   |  1- 3 |  4- 6 |  7- 9 | 10-12 | 13-15 | 16-18 || total
-------------------------+-------+-------+-------+-------+-------+-------++-------
Melee: Hand axe          |   167 |   249 |   289 |       |       |       ||   705
       War axe           |       |       |   141 |   829 |  1035 |  1192 ||  3197
Invok: Berserk           |     1 |     4 |    11 |    11 |    10 |     3 ||    40
       Trog's Hand       |       |     1 |     4 |       |       |     5 ||    10
       Brothers in Arms  |       |       |       |     1 |     1 |       ||     2
 Abil: Fly               |       |       |       |       |     1 |       ||     1
Evoke: Wand              |       |       |       |       |       |     1 ||     1
  Use: Scroll            |       |       |       |    21 |    16 |     7 ||    44
       Potion            |       |       |       |       |     2 |     7 ||     9
 Stab: Petrified         |       |       |       |       |     2 |    12 ||    14
  Eat: Chunk             |     4 |    21 |    32 |    42 |    33 |    18 ||   150
       Ration            |       |       |       |     2 |     1 |     4 ||     7
Armor: Animal skin       |    55 |    85 |    99 |       |       |       ||   239
       Chain mail        |       |       |    69 |    67 |       |       ||   136
       Plate armour      |       |       |       |   410 |   797 |   694 ||  1901
Dodge: Dodged            |    32 |    72 |   111 |   192 |   467 |   487 ||  1361
Block: Large shield      |   119 |   181 |   365 |   868 |  1211 |  1549 ||  4293
